Map: Invader LE

Players

capac - Winner!

  • Race: Terran Terran
  • League: Gold

JuergenKlopp

  • Race: Zerg Zerg
  • League: Silver

VOD

Have the link to the VOD?

Description

Time

  • Played on: April 30, 2016, 4:53 a.m.
  • Length: 16:00
Show
View Real Time Build Order
Export as new Build Order

capac Terran - Winner!

Build Orders: Reaper Expand 

Get SALT Encoding   

  12  0:00  SCV  
  13  0:13  SCV  
  14  0:18  Supply Depot  
  14  0:25  SCV  
  15  0:40  SCV  
  15  0:41  Barracks  
  16  0:47  Refinery  
  16  0:52  SCV  
  17  1:04  SCV  
  18  1:16  SCV  
  19  1:30  Orbital Command  
  19  1:31  Reaper  
  20  1:39  Barracks  
  9  2:26  Marine  
  9  2:27  Marine  
  4  2:34  SCV  
  3  3:05  Marine x2  
  3  3:31  SCV  
  4  3:46  SCV  
  5  3:58  SCV  
  6  4:10  SCV  
  7  4:22  SCV  
  8  4:34  SCV  
  9  4:46  SCV  
  9  4:48  Marine  
  9  4:50  Marine  
  12  4:58  SCV  
  13  5:10  SCV  
  14  5:23  SCV  
  15  5:32  Command Center  
  15  5:35  SCV  
  16  5:47  SCV  
  17  5:59  SCV  
  19  6:11  SCV  
  19  6:17  Factory  
  19  6:23  SCV  
  20  6:27  Supply Depot  
  20  6:30  Barracks Tech Lab  
  20  6:36  SCV  
  21  6:46  SCV  
  22  6:48  SCV  
  23  7:09  Starport  
  23  7:10  SCV  
  23  7:13  Marine  
  23  7:14  Marine  
  26  7:20  Refinery  
  26  7:25  SCV x2  
  28  7:31  Marine  
  28  7:32  Marine  
  30  7:44  Stimpack  
  30  7:47  SCV x2  
  32  7:58  Starport Reactor  
  32  8:04  Marine x2  
  34  8:12  Barracks  
  22  8:43  Viking x2  
  22  8:46  Engineering Bay  
  22  8:48  Marine x2  
  28  8:52  SCV  
  29  9:05  Marine  
  29  9:06  SCV x2  
  21  9:33  Marine x2  
  20  9:43  Marine  
  20  9:44  SCV  
  20  9:45  SCV  
  20  9:51  Marine x2  
  19  10:08  Planetary Fortress  
  19  10:18  Marine  
  19  10:20  Barracks Tech Lab  
  20  10:21  Barracks Tech Lab  
  20  10:25  SCV  
  20  10:26  Missile Turret  
  21  10:37  SCV  
  22  10:46  SCV  
  22  10:49  SCV  
  24  10:58  SCV  
  24  11:01  SCV  
  26  11:06  Combat Shields  
  26  11:09  Marauder  
  26  11:10  Marine  
  29  11:13  SCV x2  
  31  11:25  Barracks, Barracks Reactor  
  31  11:28  Marine, SCV x2  
  31  11:30  Marine  
  35  11:33  Supply Depot  
  35  11:36  Refinery  
  35  11:40  SCV  
  35  11:41  SCV  
  37  11:51  Marauder, Marine  
  37  11:53  SCV x2  
  42  11:54  Medivac  
  44  12:05  Marine, SCV x2  
  47  12:09  Marine  
  48  12:16  Supply Depot  
  48  12:17  SCV x2  
  50  12:25  Marine x2  
  50  12:29  SCV x2  
  54  12:37  Medivac  
  54  12:38  Supply Depot  
  56  12:44  SCV x2  
  56  12:49  Marine  
  56  12:50  Marauder  
  61  12:58  SCV  
  62  13:00  SCV  
  62  13:02  Marine  
  62  13:04  Marauder  
  67  13:06  Supply Depot  
  66  13:20  Barracks Reactor  
  66  13:21  SCV x2  
  66  13:25  Marine x2  
  70  13:28  Marauder x2  
  70  13:30  Medivac  
  70  13:33  SCV x2  
  78  13:38  Medivac  
  80  13:41  Supply Depot  
  80  13:53  Refinery, SCV x2  
  80  13:54  Marine x2  
  84  13:56  Marauder  
  86  14:03  Marauder, Marine x2, Medivac  
  86  14:05  SCV  
  77  14:27  Marauder x2, Marine x2  
  77  14:28  Marine x2  
  77  14:30  Siege Tank  
  88  14:36  Bunker  
  88  14:37  Bunker, Medivac  
  90  14:42  Factory  
  90  15:02  Marauder x2  
  94  15:32  Command Center  
Show
View Real Time Build Order
Export as new Build Order

JuergenKlopp Zerg 

Build Orders: Pool First 

Get SALT Encoding   

  12  0:01  Drone  
  13  0:08  Drone  
  13  0:14  Extractor  
  13  0:16  Drone  
  13  0:19  Extractor  
  13  0:24  Drone  
  16  0:39  Spawning Pool  
  15  1:37  Overlord  
  11  2:33  Zergling x2  
  7  3:22  Zergling x2  
  7  3:57  Drone  
  8  4:30  Drone  
  9  4:54  Drone  
  9  4:58  Extractor, Drone  
  10  5:03  Drone  
  11  5:15  Zergling x2  
  11  5:19  Extractor  
  11  5:23  Drone  
  12  5:34  Drone  
  13  5:43  Drone  
  14  5:51  Drone  
  15  6:05  Metabolic Boost  
  15  6:11  Zergling x2  
  16  6:28  Evolution Chamber  
  16  6:29  Zergling x2  
  16  6:33  Zergling x2  
  16  6:38  Zergling x2  
  18  6:46  Zergling x2  
  19  7:02  Zergling x2  
  20  7:20  Pneumatized Carapace  
  20  7:25  Zergling x4  
  20  7:28  Overlord  
  22  7:48  Zergling x2  
  23  8:03  Queen  
  25  8:31  Zergling x6  
  23  8:46  Zergling x2  
  24  9:02  Drone  
  25  9:07  Hatchery  
  19  9:42  Overlord x2  
  17  9:52  Lair  
  13  10:10  Drone x3  
  16  10:20  Spore Crawler  
  15  10:26  Drone x4  
  19  10:32  Drone  
  20  10:37  Drone  
  21  10:48  Drone x2  
  23  11:04  Hydralisk Den  
  22  11:07  Drone x2  
  22  11:10  Zerg Missile Weapons Level 1  
  24  11:11  Drone  
  24  11:15  Drone x2  
  27  11:21  Overlord  
  27  11:29  Drone  
  28  11:37  Muscular Augments  
  28  11:43  Hydralisk  
  30  11:48  Hydralisk  
  30  11:51  Drone  
  30  11:52  Drone  
  34  11:55  Drone x2  
  34  11:59  Overlord  
  36  12:23  Hydralisk x2  
  40  12:33  Hydralisk x2  
  44  12:38  Overlord  
  44  12:43  Overlord  
  44  12:50  Overlord  
  44  13:07  Hydralisk x2  
  44  13:08  Hydralisk  
  44  13:10  Overlord  
  44  13:12  Hydralisk x2  
  54  13:19  Queen  
  56  13:20  Extractor, Drone  
  56  13:23  Hydralisk  
  56  13:25  Extractor  
  57  13:30  Hydralisk  
  59  13:34  Drone  
  59  13:35  Drone  
  61  13:52  Zergling x4  
  63  14:02  Drone x2  
  65  14:04  Overlord  
  65  14:06  Zergling x2  
  66  14:11  Nydus Network  
  66  14:13  Zergling x4  
  66  14:15  Overlord  
  62  14:28  Hydralisk x2  
  62  14:30  Hydralisk x2  
  70  14:32  Zergling x2  
  71  14:41  Zergling x4  
  71  14:45  Zergling x4  
  75  15:08  Hydralisk x4  
  75  15:11  Overlord  
  83  15:19  Nydus Canal  
  83  15:40  Zergling x2  
Tags
 
Add a new tag
Caveats
  • Supply blocks, unpowered buildings, or Contaminate may cause inaccurate times.
  • Supply counts are checked every 10 seconds.